 Dungeon Crawl Stone Soup version 0.32-a0-673-g3729bd50f8 (webtiles) character file.

Game seed: 8398922776473220370

4406 croobank the Chiller (level 10, -17/118 HPs)
             Began as a Demonspawn Ice Elementalist on Mar 10, 2024.
             Was a Priest of Fedhas.
             Killed by the air
             ... invoked by Gastronok
              (21 damage)
             ... on level 8 of the Dungeon.
             The game lasted 00:34:03 (8390 turns).

croobank the Chiller (Demonspawn Ice Elementalist)  Turns: 8390, Time: 00:34:04

Health: -17/118    AC: 13    Str:  8    XL:     10   Next: 14%
Magic:  13/18      EV: 14    Int: 20    God:    Fedhas [***...]
Gold:   648        SH:  5    Dex: 14    Spells: 9/20 levels left

rFire   . . .        f - +1 short sword (protect)
rCold   . . .        (no shield)
rNeg    . . .        a - +0 robe
rPois   +            (no helmet)
rElec   .            (no cloak)
rCorr   .            d - +1 pair of gloves
SInv    .            (no boots)
Will    .....        t - amulet of reflection Stlth
                     s - ring of poison resistance
HPRegen 0.39/turn    (no ring)
MPRegen 0.32/turn

%: reflection
@: berserking, under a protective aura, slowed
A: rugged brown scales 2, magic regeneration, demonic magic 2, demonic touch 1
a: Renounce Religion, Wall of Briars, Grow Ballistomycete


You were on level 8 of the Dungeon.
You worshipped Fedhas.
Fedhas was most pleased with you.
You visited 2 branches of the dungeon, and saw 9 of its levels.
You also visited: Sewer.

You collected 648 gold pieces.

Inventory:

Hand Weapons
 c - a +1 trident of flaming
 f - a +1 short sword of protection (weapon)
 k - a +1 morningstar of draining
 w - the +5 scimitar "Egeupex" {drain, rF+ rC- Int+4 Dex+3}
   (You took it off a wight on level 7 of the Dungeon)

   Int+4:     It affects your intelligence (+4).
   Dex+3:     It affects your dexterity (+3).
   rF+:       It protects you from fire.
   rC-:       It makes you vulnerable to cold.
 z - a +0 spectral war axe
 B - a +2 scimitar
 D - a +4 spear
 I - a +3 dagger
 L - a +4 scimitar of flaming
 M - a +2 morningstar of flaming
Missiles
 h - 17 poisoned darts (quivered)
 l - 10 boomerangs
 H - a curare-tipped dart
Armour
 a - a +0 robe (worn)
 d - a +1 pair of gloves (worn)
 N - +0 swamp dragon scales
Jewellery
 s - a ring of poison resistance (left hand)
 t - an amulet of reflection (around neck)
 A - a ring of positive energy
 C - an amulet of magic regeneration
 K - a ring of flight
Wands
 j - a wand of flame (56)
 F - a wand of charming (9)
Scrolls
 e - 2 scrolls of immolation
 v - a scroll of enchant armour
 y - 3 scrolls of teleportation
 E - 3 scrolls of brand weapon
 J - a scroll of fog
Potions
 b - 4 potions of curing
 g - 2 potions of might
 i - 2 potions of mutation
 m - 3 potions of magic
 n - 2 potions of attraction
 o - 2 potions of lignification
 p - a potion of brilliance
 q - 2 potions of berserk rage
 r - 3 potions of haste
 u - a potion of cancellation


   Skills:
 + Level 6.0 Fighting
 + Level 5.9 Dodging
 + Level 6.4 Stealth
 + Level 5.9 Spellcasting
 * Level 3.5 Summonings
 * Level 3.2 Fire Magic
 + Level 6.7 Ice Magic


You had 9 spell levels left.
You knew the following spells:

 Your Spells              Type           Power      Damage    Failure   Level
a - Freeze                Ice            100%       1d10      1%          1
b - Frozen Ramparts       Ice            66%        1d10      1%          3
c - Ozocubu's Armour      Ice            33%        N/A       1%          3
d - Summon Blazeheart Go  Fire/Summ      19%        N/A       26%         4

Your spell library contained the following spells:

 Spells                   Type           Power      Damage    Failure   Level
 Summon Ice Beast         Ice/Summ       26%        N/A       3%          3
 Ensorcelled Hibernation  Hex/Ice        38%        N/A       4%          2
 Hailstorm                Conj/Ice       19%        3d7       8%          3
 Passwall                 Erth           5%         N/A       32%         3
 Swiftness                Air            5%         N/A       32%         3
 Leda's Liquefaction      Alch/Erth      2%         N/A       71%         4
 Lee's Rapid Deconstruct  Erth           2%         3d5*      96%         5
 Sculpt Simulacrum        Ice/Alch       9%         N/A       99%         6
 Bombard                  Conj/Erth      2%         9d1       100%        6
 Orb of Destruction       Conj           2%         9d5       100%        7
 Spellforged Servitor     Conj/Summ      6%         N/A       100%        7


Dungeon Overview and Level Annotations

Branches:
Dungeon (8/15)             Temple (1/1) D:4           Sewer (visited)
   Lair: D:8-11

Altars:
Ashenzari
Cheibriados
Fedhas
Gozag
Hepliaklqana
Kikubaaqudgha
Makhleb
Nemelex Xobeh
Okawaru
Qazlal
Sif Muna
Trog
Uskayaw
Vehumet
Wu Jian
Xom
Yredelemnul

Annotations:
D:8 Gastronok


Innate Abilities, Weirdness & Mutations

You are mostly covered in rugged brown scales. (AC +2, +5% HP)
You regenerate magic rapidly.
Spells you cast may paralyse nearby enemies.
Your touch may inflict minor irresistible damage on your foes.


Message History

* * * LOW HITPOINT WARNING * * *
Okay, then.
Okay, then.
What are your orders? t - Shout!
Orders for allies: a - Attack new target. r - Retreat! s - Stop attacking. g - Guard the area. f - Follow me.
Anything else - Cancel.
Gang up on whom?
Press: ? - help, Dir - move target, f - Gastronok
Aim: Gastronok, wearing a +2 hat (flame, almost dead, covering ground quickly)
Okay, then.
You feel better.
Throw: 18 darts (poison)
Press: ? - help, Q - select action, (/) - cycle Shift-Dir - straight line, f - Gastronok
Aim: Gastronok, wearing a +2 hat (almost dead, covering ground quickly, 93% to hit)
You throw a poisoned dart.
The poisoned dart barely misses Gastronok.
Gastronok sloshes about.
A red film seems to cover your vision as you go berserk!
You feel yourself moving faster!
You feel mighty!
Gastronok sloshes about.
You block Gastronok's attack.
You hit Gastronok.
Your weapon exudes an aura of protection.
Gastronok is almost dead.
You completely miss Gastronok.
Gastronok is almost dead.
Gastronok bites you!
* * * LOW HITPOINT WARNING * * *
You puncture Gastronok!
Gastronok is almost dead.
You hit Gastronok.
Gastronok is almost dead.
Gastronok waves his eye-stalks in wide circles.
The air twists around and strikes you!!
You die...
Gastronok gurgles, "Time to dig in!"
Fedhas appreciates your contribution to the ecosystem.

........#.##.#........>.###
....[.. ##†##.#.........#
....... #†.####.....#....
....... ####†.# #....###<..
.......##.##..####.### #...
..............#....# #...
..........#.#......#####...
..........#...#...###......
...(..)..w@.###..###)......
....###<......#.##..)......
.### #......><..##.........
#...#......##.........
#.....................
##....................
#..#................#
####.................
##.....#..........


You could see Gastronok (swift).

Vanquished Creatures
  Erica (D:8)
  Joseph (D:8)
  Maggie (D:8)
  Grinder (D:3)
  An acid dragon (D:7)
  An ice beast (D:8)
  A sky beast (D:8)
  A black bear (D:5)
  3 orc warriors
  2 ogres
  A crocodile (Sewer)
  A phantom (D:5)
  A kobold brigand (D:8)
  A weeping skull (D:5)
  A bullfrog (D:6)
  A brain worm (Sewer)
  2 scorpions
  A water moccasin zombie (D:5)
  4 wights
  5 killer bees (D:8)
  6 hounds
  A human zombie (D:5)
  2 bullfrog zombies (D:5)
  4 orc priests
  A bombardier beetle (D:2)
  A jelly (D:6)
  5 iguanas
  A gnoll bouda (D:6)
  Ijyb (D:3)
  8 orc wizards
  A scorpion zombie (D:5)
  3 mummies (D:5)
  2 howler monkey zombies (D:5)
  9 gnolls
  6 adders
  A white imp (D:5)
  2 ufetubi (D:7)
  3 dart slugs
  3 ribbon worms (D:3)
  26 orcs
  9 endoplasms
  7 giant cockroaches
  4 goblins
  6 hobgoblins
  3 jackals (D:1)
  2 quokkas
  7 ball pythons
  14 bats
  2 frilled lizards
  10 kobolds
  3 rats
184 creatures vanquished.

Vanquished Creatures (others)
  A hound (D:5)
  A sleepcap (D:7)
  An orc wizard (D:7)
  A blazeheart core (D:8)
4 creatures vanquished.

Grand Total: 188 creatures vanquished

Notes
Turn   | Place    | Note
-------+----------+-------------------------------------------
     0 | D:1      | croobank the Demonspawn Ice Elementalist began the quest
                  | for the Orb.
     0 | D:1      | Reached XP level 1. HP: 13/13 MP: 3/3
   159 | D:1      | Gained mutation: Spells you cast may paralyse adjacent
                  | enemies. [demonic ancestry]
   159 | D:1      | Reached XP level 2. HP: 18/19 MP: 0/5
   707 | D:1      | Gained mutation: You regenerate magic rapidly. [demonic
                  | ancestry]
   707 | D:1      | Reached XP level 3. HP: 25/25 MP: 3/6
   818 | D:1      | Learned a level 3 spell: Frozen Ramparts
  1288 | D:2      | Found a hazy altar of Hepliaklqana.
  1553 | D:2      | Reached skill level 1 in Fighting
  1553 | D:2      | Gained mutation: You are partially covered in rugged brown
                  | scales. (AC +1, +3% HP) [demonic ancestry]
  1553 | D:2      | Reached XP level 4. HP: 26/32 MP: 3/7
  1557 | D:2      | Learned a level 3 spell: Ozocubu's Armour
  2065 | D:3      | Found a faded altar of an unknown god.
  2068 | D:3      | Found a glowing drain.
  2068 | D:3      | Noticed Grinder
  2076 | D:3      | Paralysed by Grinder for 5 turns
  2092 | Sewer    | Entered a sewer
  2138 | Sewer    | Noticed a brain worm
  2147 | Sewer    | Killed a brain worm
  2148 | Sewer    | Reached XP level 5. HP: 38/39 MP: 1/9
  2181 | Sewer    | Noticed a crocodile
  2190 | Sewer    | Killed a crocodile
  2441 | D:3      | Noticed Ijyb
  2449 | D:3      | Killed Ijyb
  2668 | D:3      | Paralysed by Grinder for 4 turns
  3103 | D:3      | Reached XP level 6. HP: 45/45 MP: 8/10
  3208 | D:3      | Paralysed by Grinder for 4 turns
  3224 | D:3      | Killed Grinder
  3721 | D:4      | Gained mutation: Spells you cast may paralyse nearby
                  | enemies. [demonic ancestry]
  3721 | D:4      | Reached XP level 7. HP: 52/52 MP: 8/12
  3750 | D:4      | Found a staircase to the Ecumenical Temple.
  3843 | Temple   | Entered the Ecumenical Temple
  3855 | Temple   | Became a worshipper of Fedhas Madash
  4349 | D:4      | Found an ancient bone altar of Kikubaaqudgha.
  4634 | D:5      | Entered Level 5 of the Dungeon
  4641 | D:5      | Reached * piety under Fedhas
  4643 | D:5      | Reached skill level 5 in Ice Magic
  4803 | D:5      | Gained mutation: Your touch may inflict minor irresistible
                  | damage on your foes. [demonic ancestry]
  4803 | D:5      | Reached XP level 8. HP: 61/61 MP: 8/14
  5061 | D:5      | Found a shimmering blue altar of Sif Muna.
  5242 | D:5      | Found a basalt altar of Yredelemnul.
  5614 | D:5      | Reached ** piety under Fedhas
  5641 | D:5      | Reached skill level 5 in Stealth
  5990 | D:6      | Reached skill level 5 in Spellcasting
  6111 | D:6      | Reached skill level 5 in Dodging
  6217 | D:6      | Reached skill level 5 in Fighting
  6217 | D:6      | Gained mutation: You are mostly covered in rugged brown
                  | scales. (AC +2, +5% HP) [demonic ancestry]
  6217 | D:6      | Reached XP level 9. HP: 51/71 MP: 8/16
  7334 | D:7      | Identified the +5 scimitar "Egeupex" {drain, rF+ rC- Int+4
                  | Dex+3}
  7594 | D:7      | Reached skill level 1 in Summonings
  7597 | D:7      | Reached *** piety under Fedhas
  7598 | D:7      | Reached skill level 1 in Fire Magic
  7871 | D:8      | Learned a level 4 spell: Summon Blazeheart Golem
  8096 | D:8      | Noticed Maggie
  8116 | D:8      | Noticed Erica
  8132 | D:8      | Killed Maggie
  8135 | D:8      | Killed Erica
  8226 | D:8      | Found a stormy altar of Qazlal.
  8234 | D:8      | Found an ornate altar of the Wu Jian Council.
  8238 | D:8      | Found a burning altar of Makhleb.
  8287 | D:8      | Reached XP level 10. HP: 79/79 MP: 12/18
  8352 | D:8      | Noticed Gastronok
  8354 | D:8      | Noticed Joseph
  8374 | D:8      | Killed Joseph
  8376 | D:8      | HP: 1/79 [Gastronok/the air (28)]
  8383 | D:8      | HP: 1/79 [Gastronok/the air (32)]
  8388 | D:8      | HP: 3/118 [Gastronok (14)]
  8390 | D:8      | Killed from afar by Gastronok

Illustrated notes

Levels and vault maps discovered:
D:1:      eino_arrival_tree_alley, layout_loops_ring, serial_rivers,
          chequers_serial_rivers_micro_a, chequers_serial_rivers_large_b,
          chequers_serial_rivers_marsh, chequers_serial_rivers_small_b,
          chequers_serial_rivers_micro_c
D:2:      layout_basic, basic_altar, nrook_uturn, minivault_25
D:3:      minmay_razor_zed, layout_loops_ring, nicolae_ecumenical_oubliette,
          cheibrodos_sewer_entry_sluice, kennysheep_big_empty_room,
          hangedman_decor_lopped, uniq_ijyb, uniq_grinder
D:4:      layout_basic, lemuel_tele_altar, minmay_temple_entry_water_ring
D:5:      layout_rooms, lemuel_mausoleum_altar_yredelemnul,
          lemuel_coloured_pillars_altar, hangedman_abyss_or_decor_stagger,
          grunt_decor_resistance
D:6:      layout_loops_cross
D:7:      layout_cave_pools
D:8:      layout_cave_pools, minmay_overflow_temple_star_quad,
          serial_bayou_pond_d, uniq_maggie, uniq_gastronok, uniq_erica,
          uniq_joseph
Temple:   nicolae_temple_great_sept

Skill      XL: |  1  2  3  4  5  6  7  8  9 10 |
---------------+-------------------------------+-----
Stealth        | 2 3 4 5 6 |  6.4
Dodging        | 2 3 4 5 |  5.9
Fighting       | 1 2 3 5 6 |  6.0
Ice Magic      | 4 5 6 |  6.7
Spellcasting   | 3 4 5 |  5.9
Summonings     | 3 |  3.5
Fire Magic     | 2 3 |  3.2

Action                     |  1- 3 |  4- 6 |  7- 9 | 10-12 || total
---------------------------+-------+-------+-------+-------++-------
  Melee: Unarmed           |    36 |       |       |       ||    36
         Mace              |    13 |       |       |       ||    13
         Dagger            |     5 |    44 |       |       ||    49
         Short sword       |       |     8 |   209 |    10 ||   227
         Touch             |       |       |    35 |     1 ||    36
  Throw: Dart              |       |       |     3 |     1 ||     4
   Cast: Freeze            |    38 |    11 |    10 |     1 ||    60
         Frozen Ramparts   |    13 |    16 |    49 |     3 ||    81
         Ozocubu's Armour  |       |     8 |    33 |     4 ||    45
         Summon Blazeheart |       |       |       |     1 ||     1
  Evoke: Wand              |       |     6 |       |       ||     6
    Use: Potion            |     1 |     3 |       |     3 ||     7
         Scroll            |       |     9 |    11 |       ||    20
   Stab: Paralysed         |    13 |    15 |    93 |     6 ||   127
         Sleeping          |     4 |     7 |    17 |       ||    28
         Distracted        |     1 |       |       |       ||     1
 Armour: Robe              |    38 |    46 |    97 |    10 ||   191
  Dodge: Dodged            |    55 |    49 |   134 |     7 ||   245
  Block: Other             |       |     2 |    45 |     1 ||    48

Table legend: (Time is in decaauts)
 A = Elapsed time spent in this place.
 B = Non-inter-level travel time spent in this place.
 C = Inter-level travel time spent in this place.
 D = Time resting spent in this place.
 E = Time spent auto-exploring this place.
 F = Levels seen in this place.
 G = Mean time per level.
                   A        B        C        D        E       F      G
               +--------+--------+--------+--------+--------+-----+--------+
         Total |   8445 |   8194 |    251 |   2001 |   4497 |  10 |  844.5 |
       Dungeon |   8221 |   7980 |    241 |   1965 |   4399 |   8 | 1027.6 |
        Temple |     22 |     12 |     10 |      0 |      0 |   1 |   22.0 |
         Sewer |    201 |    201 |      0 |     36 |     98 |   1 |  201.0 |
               +--------+--------+--------+--------+--------+-----+--------+

Top non-repeatable levels by time:
     D:3: 1562 daAuts
     D:1: 1276 daAuts
     D:5: 1088 daAuts
     D:7: 1040 daAuts
     D:4: 1000 daAuts
     D:6: 979 daAuts
     D:2: 684 daAuts
     D:8: 589 daAuts
   Sewer: 201 daAuts
  Temple: 22 daAuts
